 Dungeon Crawl Stone Soup version 0.31-a0-799-g6bc09d010c (webtiles) character file.

Game seed: 16748087435466929077

3397 randomguy2701 the Thaumaturge (level 9, -5/48 HPs)
             Began as a Deep Elf Conjurer on Sept 20, 2023.
             Was a Believer of Sif Muna.
             Killed by an exploding two-headed ogre (36 damage)
             ... ignited by their inner flame
             ... on level 11 of the Dungeon.
             The game lasted 00:24:32 (9979 turns).

randomguy2701 the Thaumaturge (Deep Elf Conjurer)   Turns: 9979, Time: 00:24:33

Health: -5/48      AC:  6    Str:  4    XL:     9   Next: 75%
Magic:  19/25      EV: 13    Int: 28    God:    Sif Muna [**....]
Gold:   427        SH:  0    Dex: 13    Spells: 25/29 levels left

rFire   . . .        B - staff of death
rCold   . . .        (no shield)
rNeg    + . .        a - +0 robe
rPois   .            i - +1 helmet
rElec   .            (no cloak)
rCorr   .            (no gloves)
SInv    .            g - +1 pair of boots
Will    .....        (no amulet)
Stlth   +++          (no ring)
HPRegen 0.28/turn    (no ring)
MPRegen 0.19/turn

%: no passive effects
@: no status effects
A: no striking features
a: Renounce Religion, Channel Magic


You were on level 11 of the Dungeon.
You worshipped Sif Muna.
Sif Muna was pleased with you.
You visited 2 branches of the dungeon, and saw 11 of its levels.

You collected 427 gold pieces.

Inventory:

Armour
 a - a +0 robe (worn)
 g - a +1 pair of boots (worn)
 i - a +1 helmet (worn)
Magical Staves
 d - a staff of cold
 B - a staff of death (weapon)
Wands
 k - a wand of flame (25)
 m - a wand of light (3)
 t - a wand of digging (9)
 E - a wand of paralysis (11)
Scrolls
 f - a scroll of fog
 l - a scroll of identify
 n - a scroll of blinking {unknown}
 p - a scroll of revelation
 q - 2 scrolls of immolation
 r - 2 scrolls of enchant weapon
 s - a scroll of noise
 w - a scroll of enchant armour {unknown}
 x - a scroll of vulnerability {unknown}
 y - a scroll of summoning {unknown}
 z - a scroll of fear {unknown}
 A - a scroll of torment {unknown}
 C - a scroll of silence {unknown}
Potions
 b - a potion of magic
 c - a potion of curing
 h - 2 potions of lignification
 j - a potion of invisibility
 o - 2 potions of brilliance
 u - a potion of berserk rage
 v - a potion of might
 D - 2 potions of attraction {unknown}


   Skills:
 + Level 1.7 Fighting
 + Level 5.0 Dodging
 + Level 4.8 Stealth
 + Level 10.8 Spellcasting
 + Level 10.3 Conjurations
 * Level 3.1 Necromancy
 * Level 4.5 Invocations


You had 25 spell levels left.
You knew the following spells:

 Your Spells              Type           Power      Damage    Failure   Level
a - Magic Dart            Conj           100%       1d8       1%          1
b - Searing Ray           Conj           100%       2d8       1%          2
c - Necrotise             Necr           100%       1d9       1%          1

Your spell library contained the following spells:

 Spells                   Type           Power      Damage    Failure   Level
 Dazzling Flash           Conj/Hex       88%        N/A       1%          3
 Mephitic Cloud           Conj/Pois/Air  34%        N/A       2%          3
 Apportation              Tloc           30%        N/A       3%          1
 Summon Small Mammal      Summ           60%        N/A       3%          1
 Vampiric Draining        Necr           49%        2d9       3%          3
 Flame Wave               Conj/Fire      44%        2d11      4%          4
 Fulminant Prism          Conj/Hex       22%        3d12      4%          4
 Iskenderun's Mystic Bla  Conj/Tloc      44%        2d10      4%          4
 Sticky Flame             Conj/Fire      44%        2d6       4%          4
 Call Imp                 Summ           30%        N/A       5%          2
 Inner Flame              Hex/Fire       15%        N/A       11%         3
 Tukima's Dance           Hex            15%        N/A       11%         3
 Volatile Blastmotes      Fire/Tloc      30%        2d12      11%         3
 Agony                    Necr           49%        N/A       28%         5
 Passage of Golubria      Tloc           15%        N/A       36%         4
 Yara's Violent Unravell  Hex/Tmut       7%         3d5       71%         5


Dungeon Overview and Level Annotations

Branches:
Dungeon (9/15)             Temple (1/1) D:4
   Lair: D:8-11         Orc: D:9-12

Altars:
Ashenzari
Cheibriados
Dithmenos
Elyvilon
Fedhas
Gozag
Hepliaklqana
Kikubaaqudgha
Makhleb
Nemelex Xobeh
Okawaru
Qazlal
Ru
Sif Muna
Trog
Vehumet
Wu Jian
Xom
Yredelemnul
Zin

Shops:
D:8 *

Annotations:
D:7 1 runed translucent door, Age's ghost, amateur MiFi


Message History

The searing ray hits the two-headed ogre!
Flame seeps out of the two-headed ogre.
The two-headed ogre is moderately wounded. (Press . to maintain the ray.)
The two-headed ogre is engulfed in poison gas.
The two-headed ogre is poisoned.
Flame seeps out of the two-headed ogre.
The searing ray hits the two-headed ogre.
Flame seeps out of the two-headed ogre.
The two-headed ogre is heavily wounded.
The two-headed ogre is engulfed in poison gas.
The two-headed ogre looks even sicker.
Flame seeps out of the two-headed ogre.
The searing ray hits the two-headed ogre.
Flame seeps out of the two-headed ogre.
The two-headed ogre is heavily wounded.
Flame seeps out of the two-headed ogre.
The two-headed ogre is engulfed in poison gas.
The two-headed ogre looks even sicker.
Flame seeps out of the two-headed ogre.
The searing ray hits the two-headed ogre!
Flame seeps out of the two-headed ogre.
The two-headed ogre is almost dead.
You finish channelling your searing ray.
The two-headed ogre is engulfed in poison gas.
The two-headed ogre looks as sick as possible!
Flame seeps out of the two-headed ogre.
The two-headed ogre hits you with a +0 giant spiked club!
The two-headed ogre hits you with a +0 giant club.
Casting: Searing Ray (safe; 1% risk of failure)
Confirm with . or Enter, or press ? or * to list all spells.
Aiming: Searing Ray (safe; 1% risk of failure)
Press: ? - help, Shift-Dir - straight line, f/p - two-headed ogre
Aim: a two-headed ogre, wielding a +0 giant spiked club and a +0 giant club (poison gas, almost dead, inner flame, extremely poisoned, 92% to hit)
The searing ray hits the two-headed ogre.
Flame seeps out of the two-headed ogre.
The two-headed ogre is almost dead. (Press . to maintain the ray.) Sif Muna accepts your kill.
The two-headed ogre explodes!
The fiery explosion engulfs you!!!
Ouch! That really hurt!
You die...

####..§§§§§
#......§§§#
#......§§.#
#.......§§#
#.......§§# #.....#
#§# #.....# #§#
#.....# #@# #.##..#
#§# #.##..# #§#
#.....###§#
..C......#..§§#
.......###.#§§§....#
....... #.#§§§....#
....... ..#§§§....#
....... ####.......#


There were no monsters in sight!

Vanquished Creatures
  A two-headed ogre (D:11)
  2 steam dragons (D:7)
  2 ice beasts (D:8)
  4 black bears
  2 ogres
  A centaur (D:8)
  2 phantoms
  2 kobold brigands (D:7)
  A bullfrog (D:8)
  3 scorpions
  6 wights
  8 killer bees (D:8)
  4 howler monkeys
  A jelly (D:5)
  2 hounds
  7 orc priests
  A gnoll bouda (D:7)
  5 iguanas
  3 sleepcaps
  Ijyb (D:3)
  8 orc wizards
  3 gnolls (D:7)
  2 adders
  2 shadow imps (D:7)
  2 white imps
  3 ufetubi
  A worm (D:2)
  2 dart slugs (D:4)
  26 orcs
  3 ball pythons
  12 endoplasms
  3 giant cockroaches (D:2)
  10 goblins
  11 hobgoblins
  4 jackals (D:4)
  9 kobolds
  2 quokkas
  3 bats
  5 frilled lizards
  5 rats
174 creatures vanquished.

Notes
Turn   | Place    | Note
-------+----------+-------------------------------------------
     0 | D:1      | randomguy2701 the Deep Elf Conjurer began the quest for the
                  | Orb.
     0 | D:1      | Reached XP level 1. HP: 10/10 MP: 6/6
   273 | D:1      | Reached XP level 2. HP: 15/15 MP: 4/8
   358 | D:1      | Learned a level 2 spell: Searing Ray
   532 | D:1      | Reached skill level 5 in Conjurations
   963 | D:2      | Found a faded altar of an unknown god.
   976 | D:2      | Reached XP level 3. HP: 19/19 MP: 3/9
  1772 | D:3      | Found a shimmering altar of Xom.
  1782 | D:3      | Found a burning altar of Makhleb.
  1784 | D:3      | Found a stormy altar of Qazlal.
  1784 | D:3      | Found a snail-covered altar of Cheibriados.
  1785 | D:3      | Noticed Ijyb
  1798 | D:3      | Killed Ijyb
  1799 | D:3      | Reached XP level 4. HP: 24/24 MP: 2/11
  2121 | D:3      | Noticed a scorpion
  2127 | D:3      | Killed a scorpion
  2128 | D:3      | Reached XP level 5. HP: 28/28 MP: 5/13
  2311 | D:3      | Found a bloodstained altar of Trog.
  2319 | D:3      | Found a basalt altar of Yredelemnul.
  2322 | D:3      | Found a white marble altar of Elyvilon.
  2727 | D:4      | Reached skill level 5 in Spellcasting
  2858 | D:4      | Reached XP level 6. HP: 25/32 MP: 4/15
  3271 | D:4      | Found an opulent altar of Gozag.
  3295 | D:4      | Found a staircase to the Ecumenical Temple.
  3386 | Temple   | Entered the Ecumenical Temple
  3396 | Temple   | Became a worshipper of Sif Muna the Loreminder
  3874 | D:5      | Entered Level 5 of the Dungeon
  4521 | D:5      | Reached XP level 7. HP: 36/36 MP: 12/18
  4597 | D:5      | Reached * piety under Sif Muna
  5506 | D:7      | Reached skill level 1 in Fighting
  5673 | D:7      | Reached skill level 1 in Invocations
  5673 | D:7      | Reached XP level 8. HP: 43/43 MP: 10/21
  6518 | D:7      | Found a radiant altar of Vehumet.
  6518 | D:7      | Found an ornate altar of the Wu Jian Council.
  6531 | D:7      | Found a runed translucent door.
  6534 | D:7      | Noticed Age's ghost (amateur MiFi)
  7496 | D:7      | Learned a level 1 spell: Necrotise
  7511 | D:6      | Reached XP level 9. HP: 47/47 MP: 18/24
  8152 | D:8      | Reached skill level 1 in Necromancy
  8814 | D:6      | Reached skill level 10 in Spellcasting
  8927 | D:6      | Found a broken altar of Ashenzari.
  8960 | D:6      | Reached ** piety under Sif Muna
  9226 | D:8      | Reached skill level 10 in Conjurations
  9647 | D:8      | Reached skill level 5 in Dodging
  9846 | D:8      | Found Tioduby's Overcharged Wands.
  9956 | D:9      | You fall into a shaft and drop 2 floors!
  9960 | D:11     | Noticed a two-headed ogre
  9963 | D:11     | Noticed a cyclops
  9979 | D:11     | Killed a two-headed ogre
  9979 | D:11     | Killed by an exploding two-headed ogre... ignited by their
                  | inner flame

Illustrated notes

Levels and vault maps discovered:
D:1:      dpeg_arrival_stone_temple_mockup, layout_basic
D:2:      minmay_evil_eye, layout_rooms, basic_ecumenical_altar
D:3:      layout_loops_ring, grunt_temple_overflow_open, uniq_ijyb
D:4:      layout_gridville, nicolae_gozag_seed_capital,
          minmay_temple_entry_gardened_gates, minivault_5
D:5:      layout_basic
D:6:      layout_cave_pools, lemuel_round_altar
D:7:      minmay_inner_zag, layout_loops_ring, gammafunk_temple_overflow_statue,
          enter_bailey_4, ebering_ghost_reflecting_pool, nicolae_zen_rock_garden
D:8:      layout_rooms, minivault_21, nicolae_shop_overcharged_wands
D:9:      nicolae_cairo_tiling_large_dashed, layout_loops_ring,
          erik_lair_orcish_takeover, serial_aquarium, aquarium_bridge_straight
          [aquarium_subvault_bridge, aquarium_subvault_window,
          aquarium_subvault_bridge, aquarium_subvault_wall], aquarium_window_1,
          aquarium_window_corridor_1, aquarium_window_fake, aquarium_view_2d,
          aquarium_balcony_3b
D:11:     layout_basic, st_stairs_7
Temple:   nicolae_temple_bog_church

Skill      XL: |  1  2  3  4  5  6  7  8  9 |
---------------+----------------------------+-----
Conjurations   | 5 6 7 8 9 10 | 10.3
Spellcasting   | 4 5 6 7 9 10 | 10.8
Stealth        | 3 4 |  4.8
Dodging        | 3 4 5 |  5.0
Fighting       | 1 |  1.7
Invocations    | 1 3 4 |  4.5
Necromancy     | 3 |  3.1

Action                     |  1- 3 |  4- 6 |  7- 9 || total
---------------------------+-------+-------+-------++-------
  Melee: Staff             |       |     2 |       ||     2
   Cast: Magic Dart        |    91 |   114 |   213 ||   418
         Searing Ray       |     1 |    13 |    47 ||    61
    Use: Scroll            |       |     8 |     5 ||    13
         Potion            |       |       |     1 ||     1
 Armour: Robe              |     2 |    45 |    85 ||   132
  Dodge: Dodged            |     4 |    30 |    95 ||   129

Table legend: (Time is in decaauts)
 A = Elapsed time spent in this place.
 B = Non-inter-level travel time spent in this place.
 C = Inter-level travel time spent in this place.
 D = Time resting spent in this place.
 E = Time spent auto-exploring this place.
 F = Levels seen in this place.
 G = Mean time per level.
                   A        B        C        D        E       F      G
               +--------+--------+--------+--------+--------+-----+--------+
         Total |   9995 |   9334 |    661 |      0 |   8015 |  11 |  908.6 |
       Dungeon |   9972 |   9333 |    639 |      0 |   8015 |  10 |  997.2 |
        Temple |     23 |      1 |     22 |      0 |      0 |   1 |   23.0 |
               +--------+--------+--------+--------+--------+-----+--------+

Top non-repeatable levels by time:
     D:7: 2946 daAuts
     D:5: 1588 daAuts
     D:4: 1278 daAuts
     D:3: 1057 daAuts
     D:8: 924 daAuts
     D:1: 889 daAuts
     D:2: 788 daAuts
     D:6: 453 daAuts
  Temple: 23 daAuts
    D:11: 22 daAuts
     D:9: 22 daAuts
